 Dungeon Crawl Stone Soup version 0.29.1-4-g47bece8355 (webtiles) character file.

Game seed: 2249466352034278177

6906 unlimited1921 the Thaumaturge (level 11, -1/67 HPs)
             Began as a Djinni Fire Elementalist on Dec 4, 2022.
             Was a Believer of Fedhas.
             Slain by a wight
             ... wielding a +3 long sword
              (5 damage)
             ... on level 9 of the Dungeon.
             The game lasted 00:45:28 (16630 turns).

unlimited1921 the Thaumaturge (DjFE)               Turns: 16630, Time: 00:45:29

Health: -1/67      AC:  6    Str:  7    XL:     11   Next: 27%
Gold:   376        EV: 22    Int: 21    God:    Fedhas [**....] SH:  0 Dex: 19

rFire   . . .      SeeInvis .   (weapon currently unavailable)
rCold   . . .      Faith    .   (shield currently unavailable)
rNeg    . . .      Spirit   .   (body armour currently unavailable)
rPois   ∞          Reflect  .   (helmet currently unavailable)
rElec   .          Harm     .   (cloak currently unavailable)
rCorr   .          Rampage  .   (gloves currently unavailable)
Will    +....                   (boots unavailable)
Stlth   +++.......              (no amulet)
HPRegen 0.21/turn               x - +4 ring of protection
MPRegen 0.00/turn               (no ring)

@: spider-form, flying
A: venomous fangs, flying, sickness immunity, tiny, (fire resistance 2), (cold
vulnerability 1), float, innate caster, HP casting, extra vitality 1
a: End Transformation, Renounce Religion, Wall of Briars


You were on level 9 of the Dungeon.
You worshipped Fedhas.
Fedhas was pleased with you.
You were a venomous arachnid creature.
You visited 2 branches of the dungeon, and saw 10 of its levels.

You collected 376 gold pieces.

Inventory:

Hand Weapons
 k - a +2 flail of holy wrath
 s - a +0 hammer of venom
 t - a +3 quarterstaff of chaos
 F - a +1 spear of freezing
 G - a +1 halberd of protection
 H - a +5 falchion of electrocution (melded)
 K - a +2 spear of distortion
 R - a +2 vorpal battleaxe
Missiles
 L - 9 boomerangs
 O - 2 throwing nets
Armour
 i - a +0 cloak (melded)
 p - the +3 leather armour "Wocwiag" {rF- rN++ Int+6}
   (You found it on level 2 of the Dungeon)

   Int:       It affects your intelligence (+6).
   rF:        It makes you vulnerable to fire.
   rN:        It greatly protects you from negative energy.
 I - +0 steam dragon scales
 Q - a +0 pair of gloves (melded)
 S - a +0 troll leather armour (melded)
Jewellery
 x - a +4 ring of protection (left front leg)
 N - an amulet of regeneration
 P - an amulet of reflection
Wands
 a - a wand of flame (4)
 v - a wand of paralysis (10)
Scrolls
 f - 3 scrolls of vulnerability {unknown}
 g - 9 scrolls of teleportation
 j - 2 scrolls of fear
 n - a scroll of brand weapon
 o - 2 scrolls of enchant armour
 u - 2 scrolls of butterflies
 y - a scroll of silence
 B - 2 scrolls of immolation
 D - a scroll of blinking {unknown}
 E - a scroll of magic mapping {unknown}
 J - a scroll of enchant weapon {unknown}
 M - a scroll of identify
Potions
 b - 3 potions of curing {unknown}
 c - 2 potions of might
 d - 2 potions of haste {unknown}
 e - 2 potions of mutation {unknown}
 h - 2 potions of cancellation {unknown}
 l - 5 potions of brilliance
 m - 3 potions of heal wounds {unknown}
 q - 2 potions of degeneration {unknown}
 r - 3 potions of lignification
 w - 3 potions of attraction {unknown}
 z - a potion of flight {unknown}
 A - a potion of berserk rage {unknown}
 C - 2 potions of magic {unknown}


   Skills:
 + Level 1.5 Fighting
 + Level 1.0 Long Blades
 + Level 0.5(0.8) Maces & Flails
 + Level 1.0(1.1) Staves
 + Level 5.8 Armour
 + Level 4.6 Dodging
 + Level 3.7 Stealth
 + Level 11.3 Spellcasting


You had 5 spell levels left.
You knew the following spells:

 Your Spells              Type           Power      Damage    Failure   Level
a - Foxfire               Conj/Fire      100%       2x1d9     1%          1
b - Scorch                Fire           100%       2d10      1%          2
c - Conjure Flame         Conj/Fire      56%        6-21      1%          3
d - Inner Flame           Hex/Fire       56%        N/A       1%          3
e - Flame Wave            Conj/Fire      56%        2d13      3%          4
f - Apportation           Tloc           100%       N/A       1%          1
g - Passwall              Tmut/Erth      46%        N/A       1%          2
h - Spider Form           Tmut/Pois      56%        N/A       1%          3
i - Corpse Rot            Necr/Pois/Air  56%        N/A       3%          4
j - Sticky Flame          Conj/Fire      56%        2d7       3%          4
Your spell library was empty.

Dungeon Overview and Level Annotations

Branches:
Dungeon (9/15)             Temple (1/1) D:5
   Lair: D:8-11         Orc: D:9-12

Altars:
Ashenzari
Cheibriados
Elyvilon
Fedhas
Gozag
Hepliaklqana
Makhleb
Nemelex Xobeh
Okawaru
Qazlal
Trog
Uskayaw
Wu Jian
Xom
Yredelemnul
The Shining One

Shops:
D:7 [


Innate Abilities, Weirdness & Mutations

You are a venomous arachnid creature.
You have poisonous fangs.
You are tiny and dextrous.
You are flying.
Your spellcasting is less reliable in this form.
Your armour is entirely melded.
You are incapable of wielding weapons or throwing items.
You are immune to sickness and miasma.
You are immune to poison.
((Your flesh is very heat resistant. (rF++)))
((You are vulnerable to cold. (rC-)))
You float through the air rather than walking.
You learn spells naturally, not from books.
Your magical power is your life essence.
You have superior vitality. (+4 MHP)


Message History

You feel a bit more experienced. The bullfrog closely misses you.
The bullfrog completely misses you.
Casting: Scorch (safe; 1% risk of failure)
Confirm with . or Enter, or press ? or * to list all spells.
Flames lash the bullfrog.
The bullfrog is heavily wounded.
The bullfrog's fire resistance burns away.
The bullfrog barely misses you.
Casting: Scorch (safe; 1% risk of failure)
Confirm with . or Enter, or press ? or * to list all spells.
Flames lash the bullfrog.
The bullfrog is burned terribly!
You kill the bullfrog!
Fedhas appreciates your contribution to the ecosystem.
Casting: Scorch (safe; 1% risk of failure)
Confirm with . or Enter, or press ? or * to list all spells.
Flames lash the acid dragon.
Flame seeps out of the acid dragon.
The acid dragon is moderately wounded.
The acid dragon's fire resistance burns away.
The acid dragon is engulfed in blazing flames.
Fedhas appreciates your contribution to the ecosystem.
The acid dragon explodes!
The fiery explosion engulfs you!!
* * * LOW HITPOINT WARNING * * *
You hear an angry buzzing noise.
You hear a bellow!
Things that are here:
a +0 short sword; 4 poisoned darts; a kobold corpse You see here a troll corpse.
There is an open door here.
You see here a manticore skeleton.
You start resting.
A wight comes into view. It is wielding a +3 long sword.
Casting: Scorch (safe; 1% risk of failure)
Confirm with . or Enter, or press ? or * to list all spells.
Okay, then.
Unknown command.
A briar patch grows up from the ground. x3
The wight hits you with a +3 long sword.
You die...
Fedhas appreciates your contribution to the ecosystem.

####.#
#####'#####.$$#.#..#..#
..##.#
#.........†...#.#..#..#
#.##.#
#.........#)..#.#..#..#
.....#
+..#####).#####.#..#..##
#.#..#
#..#####..'.)(#.#..#..#.
.....#
#.........#...#.#..#..##
#....#
+.......÷.#...#....#....
(..#.#
#####+##z########.##..#.
#.#### #sP.....#
#....... ... #PP.....#
####..## .## #.......#
#.... .#
################ ##.##
.# #..........# #.# .#
#..........# #.# .#
#..........# #.# .#
#..........# #####.# .#
#..........#######...#.#


You could see a wight (ally target).

Vanquished Creatures
  Harold (D:9)
  2 two-headed ogres (D:9)
  Pikel (D:7)
  A manticore (D:9)
  Prince Ribbit (D:6)
  A troll (D:9)
  A wyvern (D:9)
  Eustachio (D:6)
  2 steam dragons
  Menkaure (D:6)
  A water moccasin (D:6)
  An acid dragon (D:9)
  Duvessa (D:6)
  An ogre (D:4)
  3 orc warriors
  An ice beast (D:6)
  2 black bears (D:6)
  A centaur (D:8)
  3 phantoms
  2 lemures (D:7)
  2 kobold brigands
  4 bullfrogs
  A gnoll sergeant (D:7)
  3 scorpions
  Dowan (D:6)
  11 killer bees
  5 hounds
  An orc priest (D:8)
  A jelly (D:6)
  Crazy Yiuf (D:2)
  Ijyb (D:3)
  Natasha (thrice) (D:2)
  3 iguanas
  7 orc wizards
  8 gnolls
  2 adders
  2 shadow imps
  A worm (D:2)
  3 dart slugs
  30 orcs
  6 endoplasms
  5 giant cockroaches
  10 goblins
  8 hobgoblins
  2 jackals (D:4)
  7 kobolds
  8 quokkas
  2 training dummies (D:4)
  4 ball pythons
  4 bats
  6 frilled lizards
  4 rats
184 creatures vanquished.

Vanquished Creatures (others)
  585 foxfires
  14 plants (D:5)
599 creatures vanquished.

Grand Total: 783 creatures vanquished

Notes
Turn   | Place    | Note
-------+----------+-------------------------------------------
     0 | D:1      | unlimited1921 the Djinni Fire Elementalist began the quest
                  | for the Orb.
     0 | D:1      | unlimited1921 set off with the following spells memorised:
                  | Foxfire, Scorch, Conjure Flame, Inner Flame, Flame Wave.
     0 | D:1      | Reached XP level 1. HP: 15/15 MP: 0/0
   268 | D:1      | Reached XP level 2. HP: 18/21 MP: 0/0
   498 | D:1      | Found a faded altar of an unknown god.
   745 | D:1      | Reached skill level 3 in Spellcasting
  1337 | D:1      | Reached XP level 3. HP: 23/25 MP: 0/0
  1337 | D:1      | Learned a level 1 spell: Apportation
  3967 | D:2      | Reached XP level 4. HP: 30/31 MP: 0/0
  4499 | D:2      | Identified the +3 leather armour "Wocwiag" {rF- rN++ Int+6}
  4522 | D:2      | Noticed Natasha
  4527 | D:2      | Killed Natasha
  4549 | D:2      | Noticed Natasha
  4554 | D:2      | Killed Natasha
  4555 | D:2      | Reached XP level 5. HP: 18/35 MP: 0/0
  4555 | D:2      | Learned a level 2 spell: Passwall
  4571 | D:2      | Noticed Natasha
  4769 | D:2      | Killed Natasha
  4810 | D:2      | Reached skill level 4 in Spellcasting
  5491 | D:2      | Found a runed translucent door.
  5492 | D:2      | Noticed Crazy Yiuf
  5617 | D:2      | Killed Crazy Yiuf
  5752 | D:3      | Reached XP level 6. HP: 39/41 MP: 0/0
  5965 | D:3      | Noticed Ijyb
  5971 | D:3      | Killed Ijyb
  6182 | D:3      | Reached skill level 1 in Armour
  6185 | D:3      | Reached skill level 1 in Fighting
  7785 | D:4      | Noticed an ogre
  7790 | D:4      | Killed an ogre
  7791 | D:4      | Reached XP level 7. HP: 42/47 MP: 0/0
  7791 | D:4      | Learned a level 3 spell: Spider Form
  7895 | D:4      | Reached skill level 5 in Spellcasting
  8654 | D:5      | Entered Level 5 of the Dungeon
  8827 | D:5      | Reached XP level 8. HP: 43/52 MP: 0/0
  8882 | D:5      | Found a staircase to the Ecumenical Temple.
  8904 | Temple   | Entered the Ecumenical Temple
  8943 | Temple   | Became a worshipper of Fedhas Madash
  9749 | D:6      | Reached skill level 6 in Spellcasting
  9827 | D:6      | Noticed Menkaure
  9838 | D:6      | Killed Menkaure
  9985 | D:6      | Noticed Duvessa
  9985 | D:6      | Noticed Prince Ribbit
  9988 | D:6      | Noticed Dowan
  9989 | D:6      | Killed Prince Ribbit
  9991 | D:6      | Killed Duvessa
  9992 | D:6      | Reached skill level 7 in Spellcasting
  9992 | D:6      | Reached XP level 9. HP: 14/57 MP: 0/0
  9992 | D:6      | Learned a level 4 spell: Corpse Rot
 10601 | D:6      | Noticed Eustachio
 10609 | D:6      | Killed Eustachio
 10767 | D:6      | Killed Dowan
 10768 | D:6      | Reached skill level 1 in Staves
 11187 | D:6      | Reached skill level 8 in Spellcasting
 11911 | D:7      | Noticed Pikel
 11984 | D:7      | Killed Pikel
 11984 | D:7      | Reached * piety under Fedhas
 11985 | D:7      | Reached skill level 5 in Armour
 11985 | D:7      | Reached XP level 10. HP: 41/62 MP: 0/0
 12267 | D:7      | Found Rakkotz's Armour Emporium.
 12306 | D:7      | Reached skill level 9 in Spellcasting
 15156 | D:9      | Noticed Harold
 15164 | D:9      | Killed Harold
 15165 | D:9      | Reached skill level 1 in Long Blades
 15165 | D:9      | Reached skill level 10 in Spellcasting
 15551 | D:9      | Noticed a two-headed ogre
 15559 | D:9      | Killed a two-headed ogre
 15737 | D:9      | Reached ** piety under Fedhas
 16002 | D:9      | Reached XP level 11. HP: 52/67 MP: 0/0
 16002 | D:9      | Learned a level 4 spell: Sticky Flame
 16151 | D:9      | Noticed a two-headed ogre
 16163 | D:9      | Killed a two-headed ogre
 16365 | D:9      | Noticed a manticore
 16370 | D:9      | Killed a manticore
 16371 | D:9      | Reached skill level 11 in Spellcasting
 16607 | D:9      | HP: 2/67 [spore (24)]
 16630 | D:9      | Slain by a wight

Illustrated notes

Levels and vault maps discovered:
D:1:      erik_arrival_triangle_large, layout_loops_corners,
          hellmonk_ecumenical_altar_pennies_from_heaven
D:2:      layout_loops_ring, wad_orctagon, uniq_natasha, uniq_crazy_yiuf_cottage
D:3:      layout_rooms, general_overflow_altar, minmay_close_crescents,
          uniq_ijyb
D:4:      dreamdust_elfheim, layout_layer_cave, kennysheep_big_empty_room,
          reono_crystal_passage
D:5:      layout_cave_pools, minmay_temple_entry_drinking_statues, serial_bayou,
          serial_bayou_lagoon_a, serial_bayou_shore_b, serial_bayou_pond_c,
          serial_bayou_shore_a
D:6:      layout_basic, grunt_ministairs_15, uniq_eustachio, uniq_duvessa,
          uniq_prince_ribbit1, uniq_menkaure
D:7:      layout_basic, serial_shops, nicolae_diamond_shop, grunt_ministairs_13,
          uniq_pikel
D:8:      layout_cave_pools
D:9:      layout_basic, evilmike_minifort, uniq_harold
Temple:   compressed_dpeg_circular_temple

Skill      XL: |  1  2  3  4  5  6  7  8  9 10 11 |
---------------+----------------------------------+-----
Spellcasting   | 3 4 5 7 8 10 11 | 11.3
Stealth        | 2 3 |  3.7
Armour         | 3 4 5 |  5.8
Fighting       | 1 |  1.5
Dodging        | 3 4 |  4.6
Staves         | 1 |  1.0
Long Blades    | 1 |  1.0
Maces & Flails | |  0.5

Action                   |  1- 3 |  4- 6 |  7- 9 | 10-12 || total
-------------------------+-------+-------+-------+-------++-------
Melee: Flail             |       |    10 |       |       ||    10
       Quarterstaff      |       |       |    34 |       ||    34
       Falchion          |       |       |     2 |     3 ||     5
 Cast: Foxfire           |    77 |    68 |    97 |   121 ||   363
       Scorch            |     8 |    31 |    29 |    43 ||   111
       Inner Flame       |     1 |     2 |    10 |     9 ||    22
       Conjure Flame     |     1 |       |       |       ||     1
       Spider Form       |       |       |     3 |     1 ||     4
       Sticky Flame      |       |       |       |     1 ||     1
Invok: Wall of Briars    |       |       |       |     2 ||     2
  Use: Scroll            |       |     1 |    11 |       ||    12
       Potion            |       |       |       |     1 ||     1
 Stab: Sleeping          |       |     1 |       |       ||     1
Armor: Robe              |     2 |       |       |       ||     2
       Leather armour    |       |     9 |    11 |    21 ||    41
       Troll leather arm |       |       |       |     1 ||     1
Dodge: Dodged            |    25 |    15 |    20 |    60 ||   120
